 Dungeon Crawl Stone Soup version 0.25-a0-413-g3b4b6a4ccc (webtiles) character file.

Game seed: 7492696423901516348, levelgen mode: deterministic

0 MrRokkomies the Ducker (level 1, 0/11 HPs)
             Began as a Spriggan Abyssal Knight on Jan 17, 2020.
             Was a Follower of Lugonu.
             Slain by an ufetubus (2 damage)
             ... on level 2 of the Abyss.
             The game lasted 00:01:11 (235 turns).

MrRokkomies the Ducker (Spriggan Abyssal Knight)     Turns: 235, Time: 00:01:11

Health: 0/11       AC:  2    Str:  8    XL:     1   Next: 0%
Magic:  3/3        EV: 18    Int: 13    God:    Lugonu [*.....]
Gold:   36         SH:  0    Dex: 15    Spells: 0/0 levels left

rFire    . . .     SeeInvis +   a - +1 short sword
rCold    . . .     Gourm    .   (shield restricted)
rNeg     . . .     Faith    .   b - +0 robe
rPois    .         Spirit   .   (helmet restricted)
rElec    .         Reflect  .   (no cloak)
rCorr    .         Harm     .   (gloves unavailable)
MR       .....                  (boots unavailable)
Stlth    +.........             (no amulet)
HPRegen  0.00/turn              (no ring)
MPRegen  0.08/turn              (no ring)

@: non-regenerating, mildly diseased, very quick
A: very small, unfitting armour, see invisible, deterioration 1, herbivore,
speed 3, slow metabolism 2
a: Depart the Abyss, Renounce Religion


You were on level 2 of the Abyss.
You worshipped Lugonu.
Lugonu was aware of your devotion.
You were not hungry.

You visited 0 branches of the dungeon, and saw 0 of its levels.
You visited the Abyss 1 time.

You collected 36 gold pieces.

Inventory:

Hand Weapons
 a - a +1 short sword (weapon)
Armour
 b - a +0 robe (worn)
Scrolls
 e - a scroll of identify {unknown}
Potions
 d - a potion of might {unknown}
Comestibles
 c - 2 rations


   Skills:
 - Level 2.4 Fighting
 * Level 2.1 Short Blades
 + Level 3.5 Dodging
 + Level 0.0 Stealth
 * Level 1.7 Invocations


You couldn't memorise any spells.
You didn't know any spells.
Your spell library was empty.

Dungeon Overview and Level Annotations

Branches:
Dungeon (0/15)

Altars:


Innate Abilities, Weirdness & Mutations

You are very small and have problems with some larger weapons.
You are too small for most types of armour.
You have supernaturally acute eyesight. (SInv)
You are a herbivore.
You cover ground extremely quickly.
You need to consume almost no food.
Your body sometimes deteriorates upon taking damage.


Message History

The poisoned dart hits the ancient zyme.
You feel ill.
A bone dragon comes into view.
You start resting.
The ufetubus is too close now for your liking.
The ufetubus barely misses you. The ufetubus closely misses you.
You miss the ufetubus. The ufetubus barely misses you. The ufetubus misses you.
You barely miss the ufetubus. The ufetubus completely misses you.
The ufetubus misses you. x2; The ufetubus barely misses you.
You barely miss the ufetubus. The ufetubus misses you. The ufetubus hits you.
* * * LOW HITPOINT WARNING * * *
You barely miss the ufetubus. The ufetubus misses you.
The ufetubus barely misses you. The ufetubus misses you.
The ufetubus completely misses you.
You miss the ufetubus. The ufetubus closely misses you. x2
You completely miss the ufetubus. The ufetubus misses you.
The ufetubus barely misses you. The ufetubus misses you. x2
You closely miss the ufetubus. The ufetubus completely misses you.
The ufetubus hits you.
You die...

#.#.##.####...#
## #.#x##
.##.#.# #
.##.### ...# .
#.# x D##..
.#...# . ## x
.. #.#. ...# ##
# # ..
#...#..#. ..
### ..#####..#
# . ..##
#..##.# . ..#
##@#.## .#
##5## ###


You could see an ufetubus.

Vanquished Creatures (others)
  2 starspawn tentacles (Abyss:2)
2 creatures vanquished.

Notes
Turn   | Place    | Note
-------+----------+-------------------------------------------
     0 | Abyss:1  | MrRokkomies the Spriggan Abyssal Knight began the quest for
                  | the Orb.
     0 | Abyss:1  | Reached XP level 1. HP: 11/11 MP: 3/3
    75 | Abyss:1  | Noticed a thrashing horror
   109 | Abyss:2  | Noticed a small abomination
   118 | Abyss:2  | Noticed a wraith
   149 | Abyss:2  | Noticed a quasit
   167 | Abyss:2  | Noticed a neqoxec
   171 | Abyss:2  | Noticed a small abomination
   172 | Abyss:2  | Gained mutation: Your body sometimes deteriorates upon
                  | taking damage. [a neqoxec]
   180 | Abyss:2  | Noticed an iron imp
   183 | Abyss:2  | Noticed a tentacled starspawn
   184 | Abyss:2  | Noticed an ancient zyme
   213 | Abyss:2  | Noticed a bone dragon
   235 | Abyss:2  | Slain by an ufetubus

Levels and vault maps discovered:
Abyss:2:  hangedman_stitches_earthworm, evilmike_abyss_exit_12

Action                   || total
-------------------------++-------
Melee: Short sword       ||    16
Throw: Dart              ||     6
Armor: Robe              ||     3
Dodge: Dodged            ||    53

Table legend:
 A = Non-vault XP
 B = Vault XP
 C = Vault XP percentage of total XP
 D = Non-vault monster count
 E = Vault monster count
 F = Vault count percentage of total count
                 A         B        C        D         E       F
            +---------+---------+-------+---------+---------+-------
      Total |       0 |       0 |   N/A |       0 |       0 |  -nan
            +---------+---------+-------+---------+---------+-------
            +---------+---------+-------+---------+---------+-------
